AoeStats
← jakkmon

Glade

510568891Analyzed
1v1 RM · 16h ago on Oct 1, 2026· 65m 31s· 2 players
Game mode
Random Map
Map size
Tiny (2 player)
Population
200
Speed
Normal
Resources
Standard
Victory
Conquest
Starting age
Dark Age
Ending age
Imperial Age
RankedLock teamsTeams togetherTeam positionsShared explorationLock speedFull tech treeHidden civsTurbo modeCheats
Victory
Defeat
🇦🇹 Lithuanians · Austria
674
+17
🇺🇸 Burgundians · United States
691
-17
Fedifedinger
4:35 Loom
13:13 Feudal Age
14:34 Town Watch
15:25 Wheelbarrow
14:32 Horse Collar
14:40 Double-Bit Axe
14:48 Gold Mining
17:35 Stone Mining
19:51 Fletching
23:13 Padded Archer Armor
25:23 Bloodlines
25:28 Forging
25:23 Scale Barding Armor
30:48 Castle Age
31:36 Bodkin Arrow
32:14 Hand Cart
31:45 Crossbowman
33:02 Town Patrol
34:04 Fervor
34:19 Heavy Plow
34:31 Bow Saw
35:02 Husbandry
37:46 Chain Barding Armor
38:01 Iron Casting
37:42 Leather Archer Armor
40:38 Stone Shaft Mining
41:39 Thumb Ring
42:02 Ballistics
41:54 Masonry
41:39 Murder Holes
42:14 Pikeman
42:55 Squires
44:51 Fortified Wall
50:46 Imperial Age
49:16 Scale Mail Armor
50:40 Arson
51:20 Capped Ram
51:22 Halberdier
52:24 Chain Mail Armor
52:10 Bracer
52:45 Plate Barding Armor
54:55 Architecture
57:14 Hoardings
56:39 Hill Forts
57:30 Cavalier
59:57 Crop Rotation
60:22 Elite Leitis
61:22 Conscription
62:46 Ring Archer Armor
64:21 Two-Man Saw
jakkmon
13:05 Feudal Age
11:44 Double-Bit Axe
13:49 Wheelbarrow
15:51 Gold Mining
16:50 Hand Cart
16:34 Horse Collar
16:42 Loom
18:57 Loom
23:02 Castle Age
21:16 Padded Archer Armor
24:33 Bow Saw
24:35 Heavy Plow
25:18 Gold Shaft Mining
34:02 Stone Mining
33:50 Pikeman
34:59 Scale Mail Armor
35:10 Forging
35:53 Squires
36:18 Elite Skirmisher
40:41 Two-Man Saw
40:35 Stone Shaft Mining
39:48 Arson
43:31 Town Watch
45:15 Crop Rotation
50:50 Imperial Age
48:24 Town Patrol
49:17 Burgundian Vineyards
48:49 Cavalier
49:29 Husbandry
50:02 Murder Holes
50:59 Iron Casting
50:30 Scale Barding Armor
52:01 Conscription
64:14 Chemistry
63:39 Ballistics
64:37 Chemistry
Connection lost

Rejoining the realm…

Still unreachable

The connection could not be restored.

Session expired

The server has moved on; the page needs a fresh start.